 Dungeon Crawl Stone Soup version 0.31-a0-204-g7da18cac08 (webtiles) character file.

Game seed: 15538532100953249467

4779 McSplat the Basher (level 10, 0/77 HPs)
             Began as a Grey Draconian Ice Elementalist on Sept 12, 2022.
             Was a Believer of Dithmenos.
             Slain by a sixfirhy (12 damage)
             ... in a Gauntlet on June 27, 2023.
             The game lasted 01:09:53 (10067 turns).

McSplat the Basher (DrIE)                          Turns: 10067, Time: 01:09:54

Health: 0/77       AC: 22    Str: 11    XL:     10   Next: 23%
Magic:  14/14      EV: 15    Int: 19    God:    Dithmenos [**....]
Gold:   273        SH:  0    Dex: 12    Spells: 4/15 levels left

rFire   + + .        a - +3 whip (elec)
rCold   . . .        (no shield)
rNeg    . . .        (body armour unavailable)
rPois   .            (helmet restricted)
rElec   .            i - +2 cloak
rCorr   .            h - +2 pair of gloves
SInv    .            (no boots)
Will    +....        n - amulet of magic regeneration
Stlth   ++           s - ring "Keipeygu" {rF++ Will+}
HPRegen 0.32/turn    w - +4 ring of protection
MPRegen 0.54/turn

%: no teleportation
@: wreathed by umbra, invisible
A: AC +12, amphibious, unfitting armour, cold-blooded
a: Renounce Religion, Shadow Step


You were in a Gauntlet.
You worshipped Dithmenos.
Dithmenos was pleased with you.
You visited 1 branch of the dungeon, and saw 12 of its levels.
You also visited: Ossuary and Gauntlet.

You collected 705 gold pieces.
You spent 432 gold pieces at shops.

Inventory:

Hand Weapons
 a - a +3 whip of electrocution (weapon)
 b - a +2 mace of holy wrath
 c - a +2 dagger of speed
Missiles
 f - 2 throwing nets (quivered)
Armour
 h - a +2 pair of gloves (worn)
 i - a +2 cloak (worn)
 A - a +0 kite shield
 C - an orb of energy
Jewellery
 n - an amulet of magic regeneration (around neck)
 s - the ring "Keipeygu" (left hand) {rF++ Will+}
   (You acquired it on level 8 of the Dungeon)

   [ring of willpower]

   rF:        It greatly protects you from fire.
   Will:      It increases your willpower.
 t - the amulet "Decalie" {Faith Will- MP+9 Str+3 Dex+5}
   (You found it in a Gauntlet)

   [amulet of faith]

   It allows you to gain divine favour quickly.
   Str:       It affects your strength (+3).
   Dex:       It affects your dexterity (+5).
   MP:        It affects your magic capacity (+9).
   Will:      It decreases your willpower.
 w - a +4 ring of protection (right hand)
 z - a ring of protection from fire
 B - a +6 ring of dexterity
Wands
 x - a wand of acid (6)
Scrolls
 d - a scroll of butterflies
 e - 2 scrolls of summoning
 j - a scroll of amnesia
 m - a scroll of torment
 u - a scroll of enchant weapon
 D - a scroll of teleportation
 F - a scroll of fear {unknown}
Potions
 g - a potion of enlightenment
 l - 3 potions of magic
 o - 3 potions of ambrosia
 p - 3 potions of brilliance
 q - a potion of cancellation
 r - 3 potions of curing
 v - a potion of invisibility
 E - a potion of resistance {unknown}


   Skills:
 + Level 3.5 Fighting
 * Level 9.4 Maces & Flails
 + Level 7.9 Dodging
 - Level 2.0 Stealth
 - Level 3.0 Spellcasting
 - Level 5.0 Conjurations
 - Level 2.0 Transmutations
 - Level 5.1 Ice Magic
 - Level 2.0 Poison Magic
 - Level 1.0 Evocations


You had 4 spell levels left.
You knew the following spells:

 Your Spells              Type           Power      Damage    Failure   Level
a - Freeze                Ice            88%        1d9       1%          1
b - Sting                 Tmut/Pois      40%        1d5       7%          1
c - Frozen Ramparts       Ice            44%        1d7       5%          3
d - Ozocubu's Armour      Ice            22%        N/A       5%          3
e - Hailstorm             Conj/Ice       22%        3d7       6%          3

Your spell library contained the following spells:

 Spells                   Type           Power      Damage    Failure   Level
 Magic Dart               Conj           84%        1d7       1%          1
 Kiss of Death            Conj/Necr      48%        2d9       5%          1
 Wereblood                Tmut           10%        N/A       10%         2
 Poisonous Vapours        Pois/Air       12%        N/A       16%         2
 Stone Arrow              Conj/Erth      24%        3d8       16%         3
 Cigotuvi's Dreadful Rot  Necr/Pois/Air  10%        N/A       17%         2
 Sublimation of Blood     Necr           2%         N/A       22%         2
 Inner Flame              Hex/Fire       2%         N/A       41%         3
 Flame Wave               Conj/Fire      12%        2d6       47%         4
 Sticky Flame             Conj/Fire      12%        2d4       47%         4
 Olgreb's Toxic Radiance  Pois           10%        N/A       54%         4
 Cause Fear               Hex            1%         N/A       83%         4
 Dispel Undead            Necr           2%         3d7       83%         4
 Irradiate                Conj/Tmut      8%         3d14      69%         5
 Freezing Cloud           Conj/Ice/Air   7%         6-21      71%         5
 Death Channel            Necr           1%         N/A       100%        6
 Dragon Form              Tmut           5%         N/A       100%        7
 Enfeeble                 Hex            1%         N/A       100%        7
 Summon Hydra             Summ           1%         N/A       100%        7
 Lehudib's Crystal Spear  Conj/Erth      6%         10d3      100%        8
 Dragon's Call            Summ           1%         N/A       100%        9
 Animate Armour           Summ/Erth      Unusable   N/A       N/A         4

Dungeon Overview and Level Annotations

Branches:
Dungeon (13/15)            Temple (0/1) D:4         Ossuary (visited)
Gauntlet (1/1)
   Lair: D:8-11         Orc: D:9-12      Vaults: D:13-14

Altars:
Ashenzari
Cheibriados
Dithmenos
Fedhas
Makhleb
Okawaru
Wu Jian
Xom
Yredelemnul

Shops:
D:12 =

Portals:
Trove: D:12 (give 17 potions of curing)

Annotations:
D:5 Prince Ribbit
D:12 2 runed translucent doors Gauntlet 9 transporters


Innate Abilities, Weirdness & Mutations

Your dull iron-grey scales are very hard. (AC +12)
You are amphibious.
You cannot fit into any form of body armour.
You are cold-blooded and may be slowed by cold attacks.


Message History

You are no longer poisoned.
Okay, then.
Unknown command.
Okay, then.
The killer bee barely misses you.
The killer bee attacks as you move away!
The killer bee barely misses you.
The sixfirhy hits you but does no damage.
The queen bee calls on the killer bee to defend it!
The killer bee goes berserk!
The sixfirhy attacks as you move away! The sixfirhy closely misses you.
You hear an angry buzzing noise.
The killer bee attacks as you move away!
The killer bee barely misses you.
You hear an angry buzzing noise.
The killer bee closely misses you.
The sixfirhy hits you but does no damage.
The sixfirhy hits you. The sixfirhy shocks you!
* * * LOW HITPOINT WARNING * * *
The sixfirhy misses you.
Unknown command.
You fade into invisibility!
The sixfirhy hits you.
* * * LOW HITPOINT WARNING * * *
The sixfirhy shocks you!
* * * LOW HITPOINT WARNING * * *
The sixfirhy hits you but does no damage.
Unknown command.
Unknown command.
Unknown command.
The ufetubus barely misses you. The ufetubus misses you.
Unknown command.
The killer bee rages.
The sixfirhy hits you but does no damage.
The sixfirhy barely misses you.
You hear an angry buzzing noise.
The sixfirhy hits you.
* * * LOW HITPOINT WARNING * * *
The sixfirhy shocks you!
You die...

#8# #8# #8# #8# #8# #8# #8# #8#
#################################
.................................
.................................
##########...###########...######
#...XXx.##.8.#.........#.8.#.....
.#...xX#.#...#.#.#.#.#.#...#.##..
[.#...#..#####!.#3#.#..#####.#.#.
$..#.#...#...#.#@#.#.#.#...#}.##.
©...#©...#©.©#©.#5©.#..#©.©#5.#.©
[..#.#...#...#.#.#.#.#.#...#5.##.
..#...#Xx#####..#.#.#..#####?#.#.
.#.....#.#...#.#.#y#.#.#...#.##..
#......x##...#...yy....#...#.....
##########...###########...######
...........≈.............§.......
..........≈8≈...........≈8≈......


You could see a sixfirhy (unable to see you) and an ufetubus (unable to see
you).

Vanquished Creatures
  A manticore (D:12)
  Maggie (D:8)
  A troll (D:10)
  Grinder (D:5)
  2 hornets
  3 wyverns
  Menkaure (D:4)
  Duvessa (D:7)
  2 ice beasts
  2 orc warriors
  An ogre (D:6)
  A centaur (D:7)
  2 elf zombies (Ossuary)
  3 kobold brigands
  A necrophage (D:7)
  2 bullfrogs
  A gnoll sergeant (D:7)
  4 scorpions
  Dowan (D:7)
  6 killer bees (D:10)
  4 howler monkeys
  A human zombie (Ossuary)
  2 orc priests
  A gnoll bouda (D:10)
  4 hounds
  3 iguanas
  6 orc wizards
  4 mummies (Ossuary)
  Robin (D:3)
  9 gnolls
  7 adders
  4 white imps
  An ufetubus (D:5)
  A worm (D:3)
  34 orcs
  6 endoplasms
  5 giant cockroaches
  3 gnoll zombies (Ossuary)
  11 goblins
  6 hobgoblins
  4 quokkas
  14 ball pythons
  5 bats
  6 frilled lizards
  3 jackal zombies (Ossuary)
  21 kobolds
  8 rats
  3 rat zombies (Ossuary)
214 creatures vanquished.

Vanquished Creatures (others)
  A kobold (D:6)
1 creature vanquished.

Grand Total: 215 creatures vanquished

Notes
Turn   | Place    | Note
-------+----------+-------------------------------------------
     0 | D:1      | McSplat the Draconian Ice Elementalist began the quest for
                  | the Orb.
     0 | D:1      | Reached XP level 1. HP: 14/14 MP: 3/3
   147 | D:1      | Reached XP level 2. HP: 14/20 MP: 0/5
   943 | D:1      | Reached XP level 3. HP: 24/26 MP: 6/6
  1673 | D:2      | Learned a level 1 spell: Sting
  2149 | D:3      | Learned a level 3 spell: Frozen Ramparts
  2212 | D:3      | Found a blossoming altar of Fedhas.
  2501 | D:3      | Reached XP level 4. HP: 33/33 MP: 7/7
  2538 | D:3      | Found a basalt altar of Yredelemnul.
  2538 | D:3      | Found a faded altar of an unknown god.
  2550 | D:3      | Found a snail-covered altar of Cheibriados.
  2555 | D:3      | Found a shimmering altar of Xom.
  2556 | D:3      | Found a shadowy altar of Dithmenos.
  2569 | D:3      | Became a worshipper of Dithmenos the Shadowed
  2987 | D:3      | Noticed Robin
  2993 | D:3      | Reached skill level 1 in Transmutations
  2997 | D:3      | Reached skill level 1 in Poison Magic
  2997 | D:3      | Killed Robin
  3315 | D:4      | Noticed Menkaure
  3316 | D:4      | Upgraded the game from 0.30-a0-116-g3b1a8e4ee4 to
                  | 0.30-a0-141-g30f27751c5
  3329 | D:4      | Killed Menkaure
  3330 | D:4      | Reached skill level 5 in Ice Magic
  3330 | D:4      | Reached XP level 5. HP: 38/38 MP: 8/8
  3342 | D:4      | Upgraded the game from 0.30-a0-141-g30f27751c5 to
                  | 0.30-a0-149-g7f746667c4
  3352 | D:4      | Learned a level 3 spell: Ozocubu's Armour
  3391 | D:4      | Found a sand-covered staircase.
  3401 | Ossuary  | Entered an ossuary
  3417 | Ossuary  | Reached XP level 6. HP: 39/45 MP: 2/9
  3444 | Ossuary  | Reached skill level 1 in Maces & Flails
  3461 | Ossuary  | Reached skill level 2 in Maces & Flails
  3465 | Ossuary  | Reached * piety under Dithmenos
  4051 | D:4      | Found a staircase to the Ecumenical Temple.
  4084 | D:4      | Your scales start taking on a dull iron-grey colour.
  4084 | D:4      | Reached XP level 7. HP: 44/49 MP: 10/10
  4120 | D:4      | Upgraded the game from 0.30-a0-149-g7f746667c4 to
                  | 0.30-a0-165-g1891117ce2
  4124 | D:4      | Learned a level 3 spell: Hailstorm
  4369 | D:5      | Entered Level 5 of the Dungeon
  4495 | D:5      | Found an iron altar of Okawaru.
  4581 | D:5      | Noticed Grinder
  4661 | D:5      | Found a broken altar of Ashenzari.
  4685 | D:5      | Noticed Prince Ribbit
  4825 | D:5      | Upgraded the game from 0.30-a0-165-g1891117ce2 to
                  | 0.30-a0-373-gd37427bb62
  4840 | D:5      | Killed Grinder
  4841 | D:5      | Reached skill level 3 in Maces & Flails
  4841 | D:5      | Reached skill level 1 in Conjurations
  4920 | D:5      | Reached skill level 5 in Dodging
  5093 | D:6      | Identified the +4 ring mail "Vechy" {*Corrode Fly Str-5
                  | Dex+10}
  5386 | D:6      | Reached skill level 4 in Maces & Flails
  5401 | D:6      | Reached XP level 8. HP: 57/57 MP: 3/11
  5904 | D:6      | HP: 1/57 [electric eel/bolt of electricity (6)]
  5907 | D:6      | Reached skill level 5 in Maces & Flails
  6057 | D:7      | Noticed Duvessa
  6088 | D:7      | Found a burning altar of Makhleb.
  6185 | D:7      | Reached skill level 1 in Fighting
  6311 | D:7      | Reached ** piety under Dithmenos
  6313 | D:7      | Reached skill level 6 in Maces & Flails
  6512 | D:7      | Noticed Dowan
  6513 | D:7      | Upgraded the game from 0.30-a0-373-gd37427bb62 to
                  | 0.30-a0-723-gc1506a1cf0
  6530 | D:7      | Killed Duvessa
  6554 | D:7      | Killed Dowan
  7000 | D:7      | Upgraded the game from 0.30-a0-723-gc1506a1cf0 to
                  | 0.30-a0-948-g4fa250aae5
  7103 | D:8      | Reached XP level 9. HP: 67/67 MP: 4/12
  7251 | D:8      | Reached skill level 7 in Maces & Flails
  7509 | D:8      | Paralysed by a hornet for 1 turns
  7678 | D:8      | Noticed Maggie
  7824 | D:8      | Found an ornate altar of the Wu Jian Council.
  7866 | D:8      | Upgraded the game from 0.30-a0-948-g4fa250aae5 to
                  | 0.31-a0-167-g1c394c0614
  7902 | D:8      | Upgraded the game from 0.31-a0-167-g1c394c0614 to
                  | 0.31-a0-196-g86fe4a5e66
  7918 | D:8      | Identified 2 scrolls of acquirement
  7918 | D:8      | Acquired the ring "Keipeygu" {rF++ Will+}
  7924 | D:8      | Acquired the Quarto of Dynamic Spellbinding
  8189 | D:8      | Killed Maggie
  8190 | D:8      | Reached skill level 1 in Evocations
  8271 | D:9      | Noticed a troll
  8272 | D:9      | Upgraded the game from 0.31-a0-196-g86fe4a5e66 to
                  | 0.31-a0-204-g7da18cac08
  8342 | D:9      | Reached skill level 8 in Maces & Flails
  8470 | D:9      | Paralysed by a hornet for 1 turns
  8564 | D:9      | Reached skill level 5 in Conjurations
  9399 | D:10     | Entered Level 10 of the Dungeon
  9401 | D:10     | Noticed a troll
  9409 | D:10     | Killed a troll
  9410 | D:10     | Reached skill level 9 in Maces & Flails
  9410 | D:10     | Reached XP level 10. HP: 75/75 MP: 14/14
  9442 | D:10     | Noticed a two-headed ogre
  9444 | D:10     | Reached *** piety under Dithmenos
  9575 | D:10     | You fall into a shaft and drop 3 floors!
  9616 | D:12     | Noticed a deep elf pyromancer
  9647 | D:12     | Found a large runed translucent door.
  9647 | D:12     | Found a large runed translucent door.
  9667 | D:12     | Found Foatutwo's Jewellery Shoppe.
  9672 | D:12     | Bought a +4 ring of protection for 432 gold pieces
  9728 | D:12     | Found a portal to a secret trove of treasure.
  9729 | D:12     | Noticed a manticore
  9745 | D:12     | Killed a manticore
  9828 | D:12     | Found a gate leading to a gauntlet.
  9838 | Gauntlet | Entered a Gauntlet
  9838 | Gauntlet | Noticed a sixfirhy
  9838 | Gauntlet | Found a transporter.
  9838 | Gauntlet | Found a transporter.
  9838 | Gauntlet | Found a transporter.
  9839 | Gauntlet | Found a transporter.
  9842 | Gauntlet | Found a transporter.
  9842 | Gauntlet | Found a transporter.
  9856 | Gauntlet | Found a transporter.
  9857 | Gauntlet | Found a transporter.
  9859 | Gauntlet | Noticed a wretched star
  9872 | Gauntlet | Found a transporter.
  9874 | Gauntlet | Found a transporter.
  9890 | Gauntlet | Found a transporter.
  9894 | Gauntlet | Found a transporter.
 10054 | Gauntlet | Identified the amulet "Decalie" {Faith Will- MP+9 Str+3
                  | Dex+5}
 10067 | Gauntlet | Slain by a sixfirhy

Illustrated notes

Levels and vault maps discovered:
D:1:      dpeg_arrival_rhombus, layout_basic, minmay_misc_feat_hallway,
          minmay_nonomino_d4
D:2:      layout_loops_ring
D:3:      layout_loops_ring, chequers_temple_overflow_minitemple,
          mainiacjoe_overflow_catwalk, uniq_robin
D:4:      layout_cave_pools, minmay_temple_entry_metal_lava,
          nicolae_ossuary_entry_ruins, uniq_menkaure
D:5:      layout_loops_cross, evilmike_ruin_ashenzari, lemuel_tele_altar,
          uniq_prince_ribbit1, uniq_grinder
D:6:      layout_basic, chequers_big_river, serial_bayou_pond_c,
          grunt_decor_mini_mirrors
D:7:      layout_basic, makhleb_heckhound_becter, dreamdust_mushroom_princess,
          uniq_duvessa
D:8:      layout_basic, pdpol_wu_jian_five_deadly_venoms, grunt_ministairs_15,
          uniq_maggie
D:9:      layout_loops_ring
D:10:     layout_roguey, lair_entry_dummy,
          ploomutoo_gammafunk_ghost_potion_laboratory, uniq_maurice
D:12:     okawaru_arena_lexackson, layout_cave_pods, orc_0_dummy,
          gauntlet_entry_generic, serial_shops, shop, shop,
          nicolae_shop_advertising_works [nicolae_subvault_shop_adworks],
          enter_trove_2, minmay_nine_imps
D:13:     layout_roguey, serial_bayou, serial_bayou_pond_e,
          serial_bayou_shore_a, serial_bayou_lake_a, serial_bayou_pond_d
Gauntlet: gammafunk_gauntlet_hard_choice [nicolae_gauntlet_arena_quarters,
          gammafunk_gauntlet_arena_corners, gammafunk_gauntlet_arena_chambers,
          gammafunk_gauntlet_arena_grid, gammafunk_gauntlet_arena_split_x,
          nicolae_gauntlet_arena_x, gauntlet_exit_hidden_loot]

Skill      XL: |  1  2  3  4  5  6  7  8  9 10 |
---------------+-------------------------------+-----
Dodging        | 2 3 4 5 6 7 |  7.9
Transmutations | 2 |  2.0
Poison Magic   | 1 2 |  2.0
Ice Magic      | 5 |  5.1
Maces & Flails | 2 4 6 9 |  9.4
Conjurations   | 2 3 5 |  5.0
Stealth        | 2 |  2.0
Fighting       | 2 3 |  3.5
Evocations     | 1 |  1.0
Spellcasting   | 3 |  3.0

Action                     |  1- 3 |  4- 6 |  7- 9 | 10-12 || total
---------------------------+-------+-------+-------+-------++-------
  Melee: Unarmed           |     1 |       |       |       ||     1
         Dagger            |    47 |       |    18 |       ||    65
         Short sword       |     2 |       |       |       ||     2
         Tailslap          |     4 |    22 |    22 |     1 ||    49
         Whip              |    13 |   130 |   207 |     8 ||   358
         Punch             |     1 |     1 |     7 |       ||     9
  Throw: Throwing net      |       |       |     1 |       ||     1
   Cast: Freeze            |    34 |    13 |       |     8 ||    55
         Sting             |     2 |     4 |    49 |       ||    55
         Frozen Ramparts   |     2 |     3 |    17 |     2 ||    24
         Ozocubu's Armour  |       |     3 |    15 |     1 ||    19
         Hailstorm         |       |       |    10 |       ||    10
 Invoke: Shadow Step       |       |       |       |     1 ||     1
  Evoke: Wand              |       |     1 |    28 |     8 ||    37
    Use: Scroll            |       |    11 |    17 |     3 ||    31
         Potion            |       |       |     1 |     3 ||     4
   Stab: Sleeping          |    11 |     1 |     7 |       ||    19
         Distracted        |     1 |     1 |     1 |       ||     3
         Paralysed         |       |     2 |     3 |       ||     5
 Armour: Skin              |    20 |   104 |    66 |    68 ||   258
  Dodge: Dodged            |    45 |   175 |   161 |    47 ||   428

Table legend: (Time is in decaauts)
 A = Elapsed time spent in this place.
 B = Non-inter-level travel time spent in this place.
 C = Inter-level travel time spent in this place.
 D = Time resting spent in this place.
 E = Time spent auto-exploring this place.
 F = Levels seen in this place.
 G = Mean time per level.
                   A        B        C        D        E       F      G
               +--------+--------+--------+--------+--------+-----+--------+
         Total |  10008 |   9280 |    728 |   1317 |   5827 |  14 |  714.9 |
       Dungeon |   9304 |   8576 |    728 |   1096 |   5590 |  12 |  775.3 |
       Ossuary |    475 |    475 |      0 |    221 |    104 |   1 |  475.0 |
      Gauntlet |    228 |    228 |      0 |      0 |    133 |   1 |  228.0 |
               +--------+--------+--------+--------+--------+-----+--------+

Top non-repeatable levels by time:
     D:1: 1398 daAuts
     D:8: 1303 daAuts
     D:3: 1237 daAuts
     D:7: 1067 daAuts
     D:6: 1040 daAuts
     D:2: 771 daAuts
     D:4: 710 daAuts
     D:9: 691 daAuts
     D:5: 680 daAuts
 Ossuary: 475 daAuts
    D:12: 255 daAuts
Gauntlet: 228 daAuts
    D:10: 144 daAuts
    D:13: 2 daAuts
